 Dungeon Crawl Stone Soup version 0.27.1-33-g824d729ab1 (webtiles) character file.

Game seed: 5184351927941592959

183 sking99 the Insei (level 5, -7/39 HPs)
             Began as a Djinni Transmuter on Dec 7, 2021.
             Killed by nerve-wracking pain
             ... invoked by Grinder
              (14 damage)
             ... on level 3 of the Dungeon.
             The game lasted 00:04:42 (3020 turns).

sking99 the Insei (Djinni Transmuter)               Turns: 3020, Time: 00:04:43

Health: -7/39      AC:  7    Str: 10    XL:     5   Next: 94%
Gold:   82         EV: 12    Int: 15    God:
                   SH:  0    Dex: 13

rFire    + + .     SeeInvis .     - Unarmed
rCold    x . .     Faith    .   (no shield)
rNeg     . . .     Spirit   .   a - +0 robe
rPois    ∞         Reflect  .   (no helmet)
rElec    .         Harm     .   (no cloak)
rCorr    .         Rampage  .   f - +0 pair of gloves
Will     .....                  (boots unavailable)
Stlth    +.........             (no amulet)
HPRegen  0.13/turn              e - +4 ring of protection
MPRegen  0.00/turn              (no ring)

@: flying
A: sickness immunity, fire resistance 2, cold vulnerability 1, float, innate
caster, hp casting, extra vitality 1
a: no special abilities


You were on level 3 of the Dungeon.
You visited 1 branch of the dungeon, and saw 3 of its levels.

You collected 82 gold pieces.

Inventory:

Armour
 a - a +0 robe (worn)
 f - a +0 pair of gloves (worn)
Magical Staves
 b - a staff of fire
Jewellery
 e - a +4 ring of protection (left hand)
Scrolls
 c - a scroll of noise {unknown}
 d - a scroll of vulnerability {unknown}
 g - a scroll of fog {unknown}
 h - a scroll of enchant armour {unknown}
 i - 2 scrolls of identify {unknown}
Potions
 j - a potion of cancellation {unknown}
 k - a potion of heal wounds {unknown}


   Skills:
 + Level 2.6 Fighting
 - Level 2.1 Dodging
 * Level 4.8 Unarmed Combat
 + Level 2.5 Spellcasting


You couldn't memorise any spells.
You knew the following spells:

 Your Spells              Type           Power      Damage    Failure   Level
a - Beastly Appendage     Tmut           18%        N/A       8%          1
b - Wereblood             Tmut           9%         N/A       12%         2
c - Spider Form           Tmut/Pois      4%         N/A       22%         3
d - Ice Form              Ice/Tmut       9%         N/A       58%         4
e - Pain                  Necr           36%        1d5       8%          1
f - Searing Ray           Conj           18%        3d3       12%         2
Your spell library was empty.

Dungeon Overview and Level Annotations

Branches:
Dungeon (3/15)

Altars:

Annotations:
D:3 Grinder, Sigmund


Innate Abilities, Weirdness & Mutations

You are immune to sickness and miasma.
You are immune to poison.
Your flesh is very heat resistant. (rF++)
You are vulnerable to cold. (rC-)
You float through the air rather than walking.
You learn spells naturally, not from books.
Your magical power is your life essence.
You have superior vitality. (+4 HP)


Message History

Grinder blinks!
You completely miss Grinder. Your punch misses Grinder.
Grinder is heavily wounded.
Grinder closely misses you.
You closely miss Grinder.
Grinder is heavily wounded.
Grinder hits you but does no damage.
You hit Grinder.
Grinder is heavily wounded.
Grinder closely misses you.
You closely miss Grinder.
Grinder is heavily wounded.
Grinder barely misses you.
You barely miss Grinder.
Grinder is heavily wounded.
Grinder barely misses you.
You hit Grinder but do no damage.
Grinder is heavily wounded.
Grinder hits you but does no damage.
You hit Grinder but do no damage.
Grinder is heavily wounded.
Grinder gestures at you.
You suddenly lose the ability to move!
Grinder gestures at you. Pain shoots through your body!
Grinder gestures at you. You resist with significant effort. Grinder hits you.
You writhe in agony.
Grinder hits you.
You writhe in agony.
Grinder hits you but does no damage.
You can move again.
Grinder gestures at you. Pain shoots through your body!
* * * LOW HITPOINT WARNING * * *
Grinder gestures at you. Pain shoots through your body!
* * * LOW HITPOINT WARNING * * *
Grinder gestures at you. Pain shoots through your body!
You die...

#.# #.# ### ###.#
#.# .... #.#
###.####.## .
.........# ..
####.##.#<.### ...
+..5..@......#
....
#.##.#..#..###
..... #.##....#..#
......#.##.##.#..#
..............#..#
......#..........#
.....>............
.$...............#
##..#..###.....#.#


You could see Grinder.

Vanquished Creatures
  Purgy (D:2)
  2 adders (D:2)
  An adder skeleton (D:2)
  2 dart slugs (D:2)
  A worm (D:2)
  An orc (D:3)
  4 endoplasms
  12 giant cockroaches
  3 hobgoblins (D:2)
  3 kobolds
  2 quokkas (D:1)
  9 ball pythons
  2 bats
  2 frilled lizards
  4 goblins
  5 rats
54 creatures vanquished.

Notes
Turn   | Place    | Note
-------+----------+-------------------------------------------
     0 | D:1      | sking99 the Djinni Transmuter began the quest for the Orb.
     0 | D:1      | Reached XP level 1. HP: 17/17 MP: 0/0
   205 | D:1      | Reached XP level 2. HP: 18/22 MP: 0/0
   682 | D:1      | Found a faded altar of an unknown god.
  1242 | D:2      | Reached XP level 3. HP: 25/27 MP: 0/0
  1242 | D:2      | Learned a level 1 spell: Pain
  1770 | D:2      | Reached skill level 4 in Unarmed Combat
  1770 | D:2      | Reached XP level 4. HP: 13/33 MP: 0/0
  2626 | D:3      | Noticed Purgy
  2628 | D:3      | Noticed Sigmund
  2757 | D:2      | Killed Purgy
  2758 | D:2      | Reached XP level 5. HP: 13/39 MP: 0/0
  2758 | D:2      | Learned a level 2 spell: Searing Ray
  2985 | D:3      | Noticed Grinder
  2993 | D:3      | Paralysed by Grinder for 4 turns
  3006 | D:3      | Paralysed by Grinder for 5 turns
  3020 | D:3      | Killed from afar by Grinder

Illustrated notes

Levels and vault maps discovered:
D:1:      heliophobic_arrival_glass_houses, layout_loops_ring,
          dreamdust_ecumenical_altar_angels_and_demons, minivault_5
D:2:      layout_basic, minmay_quadrilaterals
D:3:      minmay_roachtagon, layout_basic, minmay_vboxes, uniq_grinder,
          uniq_sigmund, uniq_purgy, uniq_terence, uniq_jessica

Skill      XL: |  1  2  3  4 |
---------------+-------------+-----
Spellcasting   | 2 |  2.5
Unarmed Combat | 4 |  4.8
Fighting       | 2 |  2.6
Dodging        | |  2.1

Action                   |  1- 3 |  4- 6 || total
-------------------------+-------+-------++-------
Melee: Unarmed           |   111 |    96 ||   207
       Headbutt          |    11 |     9 ||    20
       Punch             |     1 |     1 ||     2
 Cast: Beastly Appendage |    14 |     9 ||    23
       Spider Form       |       |     1 ||     1
       Wereblood         |       |     1 ||     1
 Stab: Sleeping          |     1 |       ||     1
Armor: Robe              |    18 |    42 ||    60
       Skin              |       |     2 ||     2
Dodge: Dodged            |    66 |    71 ||   137
